 Dungeon Crawl Stone Soup version 0.24.0-28-g17ded55e90 (webtiles) character file.

Game seed: 3231373981598246098, levelgen mode: deterministic

5786 Flugslaktarn the Cleaver (level 10, 0/92 HPs)
             Began as a Deep Dwarf Fighter on Nov 12, 2019.
             Was a Follower of Makhleb.
             Killed by nerve-wracking pain
             ... invoked by an orc priest
              (11 damage)
             ... on level 8 of the Dungeon.
             The game lasted 00:04:27 (4146 turns).

Flugslaktarn the Cleaver (Deep Dwarf Fighter)       Turns: 4146, Time: 00:04:27

Health: 0/92       AC: 16    Str: 22    XL:     10   Next: 50%
Magic:  8/8        EV:  9    Int: 10    God:    Makhleb [*.....]
Gold:   341        SH:  0    Dex: 12    Spells: 9/9 levels left

rFire    . . .     SeeInvis .   h - +2 battleaxe
rCold    . . .     Gourm    .   (shield currently unavailable)
rNeg     . . .     Faith    .   b - +0 scale mail
rPois    .         Spirit   .   k - +2 helmet
rElec    .         Reflect  .   u - +0 cloak
rCorr    .         Harm     .   (no gloves)
MR       +....                  y - +2 pair of boots
Stlth    ..........             (no amulet)
HPRegen  0.00/turn              (no ring)
MPRegen  0.11/turn              (no ring)

@: marked, non-regenerating
A: damage resistance, heal wounds, sense surroundings 2, no regeneration
a: Heal Wounds, Renounce Religion


You were on level 8 of the Dungeon.
You worshipped Makhleb.
Makhleb was aware of your devotion.
You were not hungry.

You visited 1 branch of the dungeon, and saw 8 of its levels.

You collected 341 gold pieces.

Inventory:

Hand Weapons
 a - a +0 war axe
 h - a +2 battleaxe (weapon)
   (You took it off a wight on level 7 of the Dungeon)
Armour
 b - a +0 scale mail (worn)
 c - a +0 shield
 k - a +2 helmet (worn)
   (You found it on level 6 of the Dungeon)
 u - a +0 cloak (worn)
   (You found it on level 5 of the Dungeon)
 y - a +2 pair of boots (worn)
   (You found it on level 6 of the Dungeon)
Jewellery
 C - the ring "Ucissisk" {rElec MR+ Int-4 Dex+6, unknown}
   (You found it on level 7 of the Dungeon)

   [ring of protection from magic]

   It affects your intelligence (-4).
   It affects your dexterity (+6).
   It insulates you from electricity.
   It affects your resistance to hostile enchantments.
 E - an uncursed ring of poison resistance {unknown}
   (You found it on level 8 of the Dungeon)
Wands
 n - a wand of enslavement (7)
   (You found it on level 4 of the Dungeon)
 x - a wand of acid (11)
   (You found it on level 6 of the Dungeon)
 D - a wand of iceblast (8)
   (You found it on level 7 of the Dungeon)
 G - a wand of scattershot (7)
   (You took it off Erica on level 8 of the Dungeon)
Scrolls
 g - a scroll of magic mapping
 j - a scroll of enchant weapon {unknown}
 l - a scroll of fear
 q - a scroll of fog {unknown}
 s - a scroll of enchant armour
 t - a scroll of teleportation
 v - a scroll of random uselessness {unknown}
 w - 5 scrolls of remove curse
 z - a scroll of blinking
 B - a scroll of silence
Potions
 d - 2 potions of might
 f - 2 potions of heal wounds {unknown}
 i - 3 potions of lignification
 m - a potion of brilliance
 o - a potion of resistance {unknown}
 p - 2 potions of cancellation
 r - a potion of mutation {unknown}
 A - a potion of agility {unknown}
Comestibles
 e - 14 rations
 F - 7 chunks of flesh


   Skills:
 + Level 6.5 Fighting
 * Level 10.4 Axes
 + Level 7.8 Armour
 - Level 6.5 Shields
 + Level 5.5 Invocations
 + Level 7.4 Evocations


You had 9 spell levels left.
You didn't know any spells.
Your spell library was empty.

Dungeon Overview and Level Annotations

Branches:
Dungeon (8/15)             Temple (0/1) D:7
   Lair: D:8-11

Altars:
Elyvilon
Makhleb
Wu Jian
Xom
Zin

Shops:
D:5 *


Innate Abilities, Weirdness & Mutations

You are resistant to damage.
You can heal yourself by infusing magical energy.
You passively map the area around you.
You do not regenerate.


Message History

The orc hits you with a +0 dagger.
You barely miss the orc warrior.
The orc warrior is heavily wounded.
You closely miss the orc priest. You slice the orc!!
You kill the orc!
Makhleb accepts your kill.
You hit the orc.
You kill the orc!
Makhleb accepts your kill.
The orc priest hits you but does no damage.
The orc warrior hits you with a +0 flail!
* * * LOW HITPOINT WARNING * * *
You hit the orc warrior but do no damage.
The orc warrior is heavily wounded.
You closely miss the orc priest. The orc priest hits you.
* * * LOW HITPOINT WARNING * * *
The orc warrior barely misses you.
The orc priest mumbles some strange prayers to Beogh against you.
Pain shoots through your body!
You die...

#.######.## ,
#.........*
#.######.# *, #.#
####.####
###.###...(...# *
#.....#.......#
#.....#.....[.# *
#.....)oo)....# ,
#..%.[#)@.†...# *
*,
#.....#..........
, ,
#.#.###........##
*, ,,
#.#..........#.#*
#.############
.., , #.* *# * *
*,* * ,, * * **
,, , ,


You could see an orc warrior and an orc priest.

Vanquished Creatures
  Harold (D:8)
  Erica (D:8)
  An unseen horror (D:7)
  Maurice (D:8)
  Joseph (D:8)
  A hippogriff (D:8)
  A hungry ghost (D:8)
  Duvessa (D:5)
  A water moccasin (D:7)
  2 sky beasts
  An ice beast (D:8)
  3 centaurs (D:5)
  3 ogres
  4 bullfrogs
  Dowan (D:5)
  A scorpion (D:6)
  12 wights
  4 crimson imps
  A bullfrog zombie (D:5)
  A jelly (D:8)
  A quasit (D:6)
  4 hounds
  3 bullfrog skeletons
  A human zombie (D:8)
  2 orc priests
  2 orc wizards
  2 centaur skeletons
  An iguana (D:6)
  9 worker ants
  2 hound zombies
  3 hound skeletons
  A howler monkey zombie (D:6)
  A worker ant zombie (D:6)
  6 adders
  2 shadow imps
  4 leopard geckos
  21 orcs
  4 giant cockroaches
  4 goblins
  4 hobgoblins
  8 jackals
  A kobold (D:3)
  3 quokkas
  A frilled lizard (D:4)
  A jackal skeleton (D:4)
  A leopard gecko skeleton (D:4)
  A leopard gecko zombie (D:6)
  A quokka skeleton (D:5)
  A rat (D:3)
137 creatures vanquished.

Vanquished Creatures (others)
  A hound (D:8)
1 creature vanquished.

Grand Total: 138 creatures vanquished

Notes
Turn   | Place    | Note
-------+----------+-------------------------------------------
     0 | D:1      | Flugslaktarn the Deep Dwarf Fighter began the quest for the
                  | Orb.
     0 | D:1      | Reached XP level 1. HP: 20/20 MP: 1/1
   283 | D:3      | Reached XP level 2. HP: 27/27 MP: 2/2
   529 | D:4      | Reached skill level 3 in Axes
   529 | D:4      | Reached XP level 3. HP: 21/34 MP: 3/3
   578 | D:4      | Reached XP level 4. HP: 40/42 MP: 4/4
   741 | D:4      | Noticed an ogre
   750 | D:4      | Killed an ogre
   750 | D:4      | Reached skill level 4 in Axes
   750 | D:4      | Reached XP level 5. HP: 40/49 MP: 5/5
   946 | D:4      | Reached XP level 6. HP: 39/56 MP: 6/6
  1131 | D:4      | Reached skill level 5 in Axes
  1420 | D:5      | Entered Level 5 of the Dungeon
  1433 | D:5      | Reached skill level 1 in Evocations
  1439 | D:5      | Reached XP level 7. HP: 22/63 MP: 6/8
  1496 | D:5      | Reached skill level 5 in Armour
  1496 | D:5      | Reached skill level 5 in Shields
  1535 | D:5      | Reached skill level 6 in Axes
  1613 | D:5      | Noticed Dowan
  1614 | D:5      | Noticed Duvessa
  1633 | D:5      | Killed Dowan
  1634 | D:5      | Killed Duvessa
  1634 | D:5      | Reached XP level 8. HP: 22/73 MP: 10/10
  1663 | D:5      | Found a white marble altar of Elyvilon.
  1795 | D:5      | Reached skill level 7 in Axes
  1819 | D:5      | Found Daenix's General Store.
  2314 | D:6      | Found a glowing silver altar of Zin.
  2847 | D:7      | Reached skill level 5 in Fighting
  2854 | D:7      | Found a burning altar of Makhleb.
  2854 | D:7      | Found a shimmering altar of Xom.
  2862 | D:7      | Became a worshipper of Makhleb the Destroyer
  2935 | D:7      | Found an ornate altar of the Wu Jian Council.
  3040 | D:7      | Reached skill level 8 in Axes
  3040 | D:7      | Gained mutation: You passively map the area around you.
                  | [Deep Dwarf growth]
  3040 | D:7      | Reached XP level 9. HP: 55/81 MP: 9/9
  3050 | D:7      | Reached skill level 1 in Invocations
  3050 | D:7      | Reached skill level 5 in Evocations
  3090 | D:7      | Found a staircase to the Ecumenical Temple.
  3347 | D:7      | Got a glittering glass ring
  3781 | D:7      | Killed an unseen horror
  3781 | D:7      | Reached skill level 9 in Axes
  3954 | D:8      | Noticed Maurice
  3959 | D:8      | Killed Maurice
  4028 | D:8      | Noticed Joseph
  4032 | D:8      | Reached XP level 10. HP: 70/91 MP: 8/8
  4033 | D:8      | Reached * piety under Makhleb
  4051 | D:8      | Killed Joseph
  4075 | D:8      | Noticed Erica
  4086 | D:8      | Killed Erica
  4086 | D:8      | Reached skill level 10 in Axes
  4105 | D:8      | Noticed Harold
  4120 | D:8      | Killed Harold
  4120 | D:8      | Reached skill level 5 in Invocations
  4146 | D:8      | Killed from afar by an orc priest

Levels and vault maps discovered:
D:1:      lightli_arrival_statuegarden, layout_rooms, dk_noncrumbling_4
D:2:      layout_basic, okawaru_ov_weapons_minmay
D:3:      layout_loops_corners, lemuel_zombie_altar_kikubaaqudgha, uniq_robin
D:4:      layout_loops_corners, first_ration
D:5:      layout_rooms, serial_shops, nicolae_shop_behind_doors,
          elyvilon_altar_3, uniq_duvessa
D:6:      layout_cave_pods, basic_altar, minmay_liquid_box
D:7:      layout_basic, grunt_temple_overflow_champion_of_chaos,
          lemuel_coloured_pillars_altar, temple_green, grunt_ogre_cave
D:8:      layout_loops_ring, lemuel_mausoleum_altar_yredelemnul, uniq_maurice,
          uniq_erica, uniq_harold, uniq_joseph

Skill      XL: |  1  2  3  4  5  6  7  8  9 10 |
---------------+-------------------------------+-----
Fighting       | 3 4 5 6 |  6.5
Axes           | 3 4 5 6 8 9 10 | 10.4
Armour         | 4 5 6 7 |  7.8
Shields        | 4 5 6 |  6.5
Evocations     | 1 3 4 6 7 |  7.4
Invocations    | 4 5 |  5.5

Action                   |  1- 3 |  4- 6 |  7- 9 | 10-12 || total
-------------------------+-------+-------+-------+-------++-------
Melee: War axe           |    56 |   111 |   338 |       ||   505
       Battleaxe         |       |       |    62 |    67 ||   129
 Abil: Heal Wounds       |     1 |     2 |    22 |     1 ||    26
Evoke: Wand              |       |       |     7 |     2 ||     9
  Use: Scroll            |       |       |    12 |       ||    12
  Eat: Chunk             |       |     2 |    10 |     3 ||    15
Armor: Scale mail        |    13 |    56 |   296 |    35 ||   400
Dodge: Dodged            |    15 |    45 |   169 |    37 ||   266
Block: Shield            |    21 |    63 |   244 |       ||   328
